[Event "Early-Titled-Tuesday-Blitz-August-29-2023"]
[Site "Chess.com"]
[Date "2023.08.29"]
[Round "8"]
[White "nihalsarin"]
[Black "Fandorine"]
[Result "1-0"]
[WhiteElo "3137"]
[BlackElo "2947"]
[TimeControl "180+1"]
[EndTime "9:23:06 PDT"]
[Termination "nihalsarin won by resignation"]

1. Nf3 Nf6 2. b3 d5 3. Bb2 e6 4.
e3 b6 5. c4 Bb7 6. Nc3 Be7 7. Rc1 O-O 8. cxd5 exd5 9. Ne2 Re8 10. g3 c5 11. Bg2 Nbd7 12. O-O Nf8 13. d4 Ng6 14. dxc5 bxc5 15. Bxf6 gxf6 16. h4 Rc8 17. h5 Ne5 18. Nf4 Bf8 19. Nh4 Ba6 20. Bxd5 Bxf1 21.
Kxf1 Kh8 22. Nf5 Qd7 23. e4 Red8 24. Kg2 c4 25. bxc4 Bc5 26. Qh1 Rg8 27. Qh4 Rg5 28. Rb1 Bb6 29. Nh3 Rxf5 30. exf5 Qxf5 31. Rb3 Rd8 32.
Be4 Qe6 33. Nf4 1-0

[Event "Early-Titled-Tuesday-Blitz-August-29-2023"]
[Site "Chess.com"]
[Date "2023.08.29"]
[Round "8"]
[White "MrAnnihilation"]
[Black "CFalcons8"]
[Result "1-0"]
[WhiteElo "2436"]
[BlackElo "2236"]
[TimeControl "180+1"]
[EndTime "9:23:14 PDT"]
[Termination "MrAnnihilation won by resignation"]

1. e4 e5 2. Nf3 Nc6 3. Bc4 Nf6 4. d3 Bc5 5. Nc3 d6 6. Be3 Bxe3 7. fxe3 h6 8. a3 a6 9. O-O O-O 10. Qe1 b5 11. Ba2 Be6 12. Nh4 Bxa2 13. Rxa2 Nxe4 14.
dxe4 Ne7 15. Ra1 g6 16. Qg3 Kh7 17. Rf2 f5 18. exf5 gxf5 19. Raf1 Rg8 20. Qh3 1-0

[Event "Early-Titled-Tuesday-Blitz-August-29-2023"]
[Site "Chess.com"]
[Date "2023.08.29"]
[Round "8"]
[White "IljaZaragatski"]
[Black "Cherneevo_23"]
[Result "1-0"]
[WhiteElo "2610"]
[BlackElo "2418"]
[TimeControl "180+1"]
[EndTime "9:23:16 PDT"]
[Termination "IljaZaragatski won by resignation"]

1. e4 c5 2. Nf3 d6 3. d4 cxd4 4.
Nxd4 Nf6 5. Nc3 a6 6. f3 e5 7. Nb3 Be6 8. Be3 Be7 9. Qd2 O-O 10. O-O-O b5 11. g4 b4 12. Nd5 Bxd5 13. exd5 a5 14. Kb1 Nfd7 15. c4 Na6 16. h4 a4 17. Nc1 Qa5 18. g5 f5 19. gxf6 Rxf6 20. Bh3 Ndc5 21.
Bg5 Rf7 22. Be6 Nxe6 23. dxe6 1-0

[Event "Early-Titled-Tuesday-Blitz-August-29-2023"]
[Site "Chess.com"]
[Date "2023.08.29"]
[Round "8"]
[White "djano"]
[Black "seopie"]
[Result "1-0"]
[WhiteElo "2537"]
[BlackElo "2644"]
[TimeControl "180+1"]
[EndTime "9:23:39 PDT"]
[Termination "djano won by checkmate"]

1. e4 c5 2. Nc3 d6 3. f4 Nc6 4. Nf3 a6 5. g3 g6 6. Bg2 Bg7 7. O-O e6 8. a4 Nge7 9. d3 O-O 10. h3 Rb8 11. g4 b5 12. axb5 axb5 13. Ne2 f5 14.
Ng3 b4 15. Rb1 Bd7 16. b3 Nd4 17. Nxd4 Bxd4+ 18. Kh1 Nc6 19. g5 Bg7 20. h4 h6 21.
exf5 exf5 22. h5 hxg5 23. hxg6 g4 24. Bd5+ Kh8 25. Kg2 Bd4 26. Rh1+ Kg7 27. Rh7+ Kxg6 28. Qh1 Bg7 29. Qh5+ Kf6 30. Qg5# 1-0

[Event "Early-Titled-Tuesday-Blitz-August-29-2023"]
[Site "Chess.com"]
[Date "2023.08.29"]
[Round "8"]
[White "Maluco_do_Natal_00"]
[Black "Dewarfd"]
[Result "0-1"]
[WhiteElo "1931"]
[BlackElo "2200"]
[TimeControl "180+1"]
[EndTime "9:23:40 PDT"]
[Termination "Dewarfd won by resignation"]

1. e4 e5 2. Nf3 Nc6 3. Bb5 Nf6 4. O-O Nxe4 5. d4 Nd6 6. Bxc6 dxc6 7. dxe5 Nf5 8. Qxd8+ Kxd8 9. Rd1+ Ke8 10. Nc3 Ne7 11. h3 Ng6 12. Bg5 Be7 13. Bxe7 Kxe7 14. Rd4 Bf5 15. Rc1 Rhd8 16. g4 Be6 17. Rcd1 h6 18. a4 Rxd4 19. Nxd4 Nxe5 20. Nxe6 fxe6 21. Kg2 Nc4 22. b3 Nd6 23. Ne4 Nxe4 0-1

[Event "Early-Titled-Tuesday-Blitz-August-29-2023"]
[Site "Chess.com"]
[Date "2023.08.29"]
[Round "8"]
[White "Msb2"]
[Black "alexrustemov"]
[Result "0-1"]
[WhiteElo "3005"]
[BlackElo "2877"]
[TimeControl "180+1"]
[EndTime "9:23:44 PDT"]
[Termination "alexrustemov won by checkmate"]

1. d4 d5 2. c4 e6 3. Nc3 Be7 4.
cxd5 exd5 5. Bf4 Nf6 6. e3 O-O 7. Bd3 Bg4 8. f3 Bh5 9. Nge2 c5 10. g4 Bg6 11. h4 Nc6 12. h5 Bxd3 13. Qxd3 c4 14. Qd2 Nb4 15. Nc1 Bd6 16. N3e2 Re8 17. g5 Bxf4 18. Nxf4 Nd7 19. Qxb4 Rxe3+ 20. Kf2 Qxg5 21.
Nce2 Rae8 22. Rae1 Nf6 23. Qd2 Rxf3+ 24. Kxf3 Qg4+ 25.
Kf2 Ne4+ 26. Kf1 Nxd2+ 27. Kf2 Ne4+ 28. Kf1 Qf3+ 29. Kg1 Qf2# 0-1

[Event "Early-Titled-Tuesday-Blitz-August-29-2023"]
[Site "Chess.com"]
[Date "2023.08.29"]
[Round "8"]
[White "KevinGeorgeMicheal"]
[Black "wild3000"]
[Result "1-0"]
[WhiteElo "2186"]
[BlackElo "2327"]
[TimeControl "180+1"]
[EndTime "9:23:44 PDT"]
[Termination "KevinGeorgeMicheal won by resignation"]

1. g3 h5 2. h4 e5 3. e4 d5 4. Bg2 dxe4 5. Bxe4 Nf6 6. Bg2 Bg4 7. Ne2 Nc6 8. Nbc3 Bc5 9. d3 Nd4 10. Bg5 Nf3+ 11.
Bxf3 Bxf3 12. Rf1 Qd7 13. Bxf6 gxf6 14. Ne4 Be7 15. Qd2 O-O-O 16. O-O-O f5 17. Ng5 Bc5 18. Nxf3 f6 19. d4 Bd6 20. dxe5 fxe5 21. Qc3 Rhe8 22. Nd2 Qb5 23. Qc4 Qa5 24. Qb3 Qa6 25. Nc4 Bc5 26.
Rxd8+ Rxd8 27. Nxe5 Qxe2 28. Qe6+ Kb8 29. Nd7+ Rxd7 30.
Qg8+ 1-0

[Event "Early-Titled-Tuesday-Blitz-August-29-2023"]
[Site "Chess.com"]
[Date "2023.08.29"]
[Round "8"]
[White "ajedrezhoy"]
[Black "leopato"]
[Result "0-1"]
[WhiteElo "2416"]
[BlackElo "2177"]
[TimeControl "180+1"]
[EndTime "9:23:45 PDT"]
[Termination "leopato won by resignation"]

1. c4 e5 2. Nc3 Nf6 3. Nf3 Nc6 4. e4 Bb4 5. d3 d6 6. a3 Bxc3+ 7. bxc3 O-O 8. Be2 Ne7 9. O-O Ng6 10. g3 Bh3 11.
Re1 b6 12. Ng5 Bd7 13. h4 h6 14. Nf3 Ng4 15. h5 Ne7 16. Nh4 f5 17. exf5 Nxf2 18. Kxf2 Nxf5 19. Nxf5 Bxf5 20. Kg2 Qd7 21. Rh1 Qc6+ 22.
Bf3 e4 23. dxe4 Bxe4 24. Qd5+ Qxd5 25. cxd5 Bxf3+ 26. Kh2 Bxh1 27. Kxh1 Rf1+ 28. Kg2 Raf8 29. Bb2 R1f2+ 0-1

[Event "Early-Titled-Tuesday-Blitz-August-29-2023"]
[Site "Chess.com"]
[Date "2023.08.29"]
[Round "8"]
[White "chessajedrezz2020"]
[Black "DanielTitichoca"]
[Result "1-0"]
[WhiteElo "2675"]
[BlackElo "2421"]
[TimeControl "180+1"]
[EndTime "9:23:51 PDT"]
[Termination "chessajedrezz2020 won by checkmate"]

1. Nf3 Nf6 2. g3 d5 3. Bg2 e6 4.
O-O Be7 5. d3 O-O 6. Nbd2 c5 7.
e4 Nc6 8. Re1 b5 9. e5 Nd7 10. Nf1 a5 11. h4 b4 12. N1h2 a4 13.
a3 Ba6 14. Bf4 Nb6 15. Ng5 h6 16. Qh5 b3 17. Ng4 bxc2 18. Nxh6+ gxh6 19. Qxh6 Bxd3 20. Be4 Bxg5 21. Qh7# 1-0

[Event "Early-Titled-Tuesday-Blitz-August-29-2023"]
[Site "Chess.com"]
[Date "2023.08.29"]
[Round "8"]
[White "TrenerChos"]
[Black "LileKoridze"]
[Result "1-0"]
[WhiteElo "2575"]
[BlackElo "2349"]
[TimeControl "180+1"]
[EndTime "9:23:53 PDT"]
[Termination "TrenerChos won by resignation"]

1. d4 Nf6 2. Nf3 d5 3. g3 g6 4.
Bg2 Bg7 5. O-O O-O 6. c4 c6 7. Qa4 Ne4 8. Nc3 Bf5 9. Qb3 Nxc3 10. bxc3 b6 11. cxd5 cxd5 12. Ng5 e6 13. e4 dxe4 14. Nxe4 Nd7 15. Ba3 Bxe4 16. Bxe4 Re8 17. Bxa8 Qxa8 18.
Rfe1 Nf6 19. c4 Ne4 20. Rad1 Ng5 21. d5 exd5 22. cxd5 Rxe1+ 23. Rxe1 Bd4 24. Kg2 Qc8 25. Qd3 Qh3+ 26. Kg1 h6 27. Bc1 Bxf2+ 28. Kxf2 Qxh2+ 29. Kf1 Qh3+ 30. Kg1 1-0

[Event "Early-Titled-Tuesday-Blitz-August-29-2023"]
[Site "Chess.com"]
[Date "2023.08.29"]
[Round "8"]
[White "AndreiITrifan"]
[Black "reniite"]
[Result "1-0"]
[WhiteElo "2577"]
[BlackElo "2353"]
[TimeControl "180+1"]
[EndTime "9:24:01 PDT"]
[Termination "AndreiITrifan won by resignation"]

1. e4 e5 2. Nf3 Nf6 3. Nxe5 d6 4.
Nd3 Nxe4 5. Qe2 Qe7 6. Nf4 c6 7. d4 d5 8. Nd2 Nxd2 9. Bxd2 Bf5 10. O-O-O Qxe2 11. Bxe2 Nd7 12. h4 O-O-O 13. g4 Be6 14. Nxe6 fxe6 15. g5 Bd6 16. Bg4 e5 17. dxe5 Bxe5 18.
Rde1 Bd6 19. f4 Kc7 20. Rhf1 g6 21. h5 Rhf8 22. f5 gxh5 23. Bxh5 Ne5 24. f6 Nf7 25. Re6 Kd7 26. Rfe1 c5 27. Re7+ Bxe7 28. Rxe7+ Kd6 29.
Bxf7 1-0

[Event "Early-Titled-Tuesday-Blitz-August-29-2023"]
[Site "Chess.com"]
[Date "2023.08.29"]
[Round "8"]
[White "ahkashefi2800"]
[Black "vladoboch"]
[Result "1-0"]
[WhiteElo "2591"]
[BlackElo "2442"]
[TimeControl "180+1"]
[EndTime "9:24:09 PDT"]
[Termination "ahkashefi2800 won by resignation"]

1. d4 Nf6 2. Nf3 g6 3. g3 Bg7 4. Bg2 O-O 5. O-O d6 6. b3 Nc6 7.
Bb2 Re8 8. c4 Bg4 9. Nc3 e5 10.
dxe5 dxe5 11. Nd5 Nxd5 12. cxd5 e4 13. Bxg7 exf3 14. exf3 Kxg7 15. dxc6 Bc8 16. f4 Rb8 17. Re1 bxc6 18. Rxe8 Qxe8 19. Qd4+ Kg8 20. Qxa7 Bf5 21. Qxc7 Rc8 22. Qe5 Qd7 23. a4 c5 24. a5 Qb5 25. a6 1-0

[Event "Early-Titled-Tuesday-Blitz-August-29-2023"]
[Site "Chess.com"]
[Date "2023.08.29"]
[Round "8"]
[White "ural58"]
[Black "SRob2003"]
[Result "0-1"]
[WhiteElo "2512"]
[BlackElo "2647"]
[TimeControl "180+1"]
[EndTime "9:24:10 PDT"]
[Termination "SRob2003 won by resignation"]

1. e4 c6 2. Nc3 d5 3. Nf3 dxe4 4. Nxe4 Nf6 5. Qe2 Nxe4 6. Qxe4 Qa5 7. c3 Bf5 8. Qf4 e6 9. d4 Be7 10. Be2 Nd7 11.
O-O O-O 12. b4 Qd8 13. a4 Nf6 14. h3 a5 15. b5 Nd5 16. Qd2 c5 17. Ba3 cxd4 18.
Nxd4 Bxa3 19. Rxa3 Bg6 20. Rd1 Qc7 21. c4 Nb4 22.
Rc3 Rfd8 23. Qe3 Rac8 24. c5 Nd5 25. Qg3 Nxc3 26. Qxc3 Qxc5 27. Qa1 e5 28. Nf3 Rxd1+ 29. Qxd1 Qc1 30. Kh2 Qxd1 31. Bxd1 f6 32. Bb3+ Bf7 0-1

[Event "Early-Titled-Tuesday-Blitz-August-29-2023"]
[Site "Chess.com"]
[Date "2023.08.29"]
[Round "8"]
[White "baki83"]
[Black "jk13"]
[Result "1-0"]
[WhiteElo "2841"]
[BlackElo "2666"]
[TimeControl "180+1"]
[EndTime "9:24:13 PDT"]
[Termination "baki83 won by checkmate"]

1. Nf3 d5 2. c4 e6 3. e3 Nf6 4.
Nc3 c6 5. b3 Nbd7 6. Bb2 Bd6 7.
g4 O-O 8. g5 Ne8 9. h4 Qe7 10.
Qc2 Ba3 11. h5 Bxb2 12. Qxb2 f5 13. O-O-O a6 14. h6 g6 15. cxd5 exd5 16. Ne2 Nd6 17. Nf4 Qf7 18. Nh4 Ne4 19. Nhxg6 Nxf2 20. Qh8# 1-0

[Event "Early-Titled-Tuesday-Blitz-August-29-2023"]
[Site "Chess.com"]
[Date "2023.08.29"]
[Round "8"]
[White "Daniel_Salinas"]
[Black "assezde36"]
[Result "0-1"]
[WhiteElo "2327"]
[BlackElo "2793"]
[TimeControl "180+1"]
[EndTime "9:24:15 PDT"]
[Termination "assezde36 won by resignation"]

1. d4 Nf6 2. c4 c5 3. d5 b5 4. cxb5 a6 5. e3 g6 6. Nc3 Bg7 7. a4 O-O 8. e4 Bb7 9. Nf3 e6 10. Be2 exd5 11. exd5 axb5 12. Bxb5 Re8+ 13. Be3 Ng4 14. O-O Rxe3 15. fxe3 Nxe3 16. Qd2 Nxf1 17. Rxf1 Na6 18. Qf2 d6 19. Kh1 Nb4 20. Nd2 Qe7 21. Nc4 Rf8 22. a5 Nxd5 23. a6 Nxc3 24. bxc3 Ba8 25.
Nb6 Be4 26. Bc4 Qa7 27. Rb1 Bxb1 0-1

[Event "Early-Titled-Tuesday-Blitz-August-29-2023"]
[Site "Chess.com"]
[Date "2023.08.29"]
[Round "8"]
[White "tylityli"]
[Black "atalz0"]
[Result "0-1"]
[WhiteElo "2354"]
[BlackElo "2481"]
[TimeControl "180+1"]
[EndTime "9:24:16 PDT"]
[Termination "atalz0 won by resignation"]

1. d4 Nf6 2. c4 e6 3. Nc3 Bb4 4. e3 O-O 5. Ne2 Re8 6. a3 Bf8 7. Ng3 d5 8. cxd5 exd5 9. Bd3 b6 10. O-O Bb7 11. b4 Nbd7 12. Qc2 c6 13. Bb2 a5 14. b5 c5 15. Bf5 g6 16. Bh3 Rc8 17. Qd3 Rc7 18. Rfd1 Bg7 19. Na4 c4 20. Qd2 h5 21.
f3 h4 22. Ne2 Qe7 23. Kf2 Bh6 24. f4 Ne4+ 0-1

[Event "Early-Titled-Tuesday-Blitz-August-29-2023"]
[Site "Chess.com"]
[Date "2023.08.29"]
[Round "8"]
[White "Colombiano07"]
[Black "124chess"]
[Result "1-0"]
[WhiteElo "2389"]
[BlackElo "2503"]
[TimeControl "180+1"]
[EndTime "9:24:16 PDT"]
[Termination "Colombiano07 won by checkmate"]

1. d4 g6 2. c4 Bg7 3. Nc3 c5 4. d5 d6 5. e4 e6 6. Nf3 Ne7 7. Be2 a6 8. O-O h6 9. Be3 O-O 10. Qd2 g5 11. Rad1 e5 12. Ne1 f5 13.
exf5 Nxf5 14. Ne4 Nd7 15. Nd3 Nf6 16. f3 Bd7 17. Rf2 Qe7 18. Bf1 b5 19. b3 b4 20.
Re1 a5 21. Nexc5 dxc5 22. Bxc5 Qd8 23. Bxf8 Bxf8 24. Nxe5 Bc5 25. Bd3 Nh4 26. Kh1 Bxf2 27. Qxf2 Bf5 28. g3 Bxd3 29. gxh4 Bf5 30. hxg5 hxg5 31.
Nc6 Qd7 32. Qg3 g4 33. Qf4 Re8 34. Rxe8+ Qxe8 35. Qxf5 Qe1+ 36. Kg2 Qe2+ 37. Kg3 Qe1+ 38. Kf4 Qd2+ 39. Ke5 Nh7 40. Ne7+ Kh8 41. Qc8+ Kg7 42.
Qg8+ Kh6 43. Qg6# 1-0

[Event "Early-Titled-Tuesday-Blitz-August-29-2023"]
[Site "Chess.com"]
[Date "2023.08.29"]
[Round "8"]
[White "AdvanceGuard4"]
[Black "Mikhail_Bryakin"]
[Result "1/2-1/2"]
[WhiteElo "2644"]
[BlackElo "2826"]
[TimeControl "180+1"]
[EndTime "9:24:20 PDT"]
[Termination "Game drawn by repetition"]

1. d4 g6 2. e4 Bg7 3. Bc4 c6 4. Nf3 d5 5. exd5 cxd5 6. Bd3 Nc6 7. c3 Bf5 8. Bxf5 gxf5 9. Bf4 e6 10. Qb3 Qc8 11. Na3 a6 12. c4 Nge7 13. O-O O-O 14. Rad1 Na5 15. Qb4 Nec6 16. Qd2 Nxc4 17. Nxc4 dxc4 18.
Bh6 Qd8 19. Bxg7 Kxg7 20. d5 exd5 21. Qf4 Qd7 22. Qg5+ Kh8 23. Qf6+ Kg8 24. Qg5+ Kh8 25. Qf6+ Kg8 26. Qg5+ Kh8 1/2-1/2

[Event "Early-Titled-Tuesday-Blitz-August-29-2023"]
[Site "Chess.com"]
[Date "2023.08.29"]
[Round "8"]
[White "tteshan"]
[Black "Juicy_Fork"]
[Result "0-1"]
[WhiteElo "2569"]
[BlackElo "2444"]
[TimeControl "180+1"]
[EndTime "9:24:22 PDT"]
[Termination "Juicy_Fork won by resignation"]

1. e4 e5 2. Nf3 Nc6 3. Bb5 a6 4.
Ba4 d6 5. O-O Bd7 6. Re1 g6 7.
c4 Bg7 8. Nc3 Nge7 9. d3 O-O 10.
Bg5 h6 11. Bxc6 bxc6 12. Be3 f5 13. exf5 gxf5 14. d4 f4 15. Bc1 Ng6 16. dxe5 dxe5 17. Qd3 Qe8 18. Bd2 Bf5 19. Qe2 Rd8 20. Rad1 Bd3 0-1

[Event "Early-Titled-Tuesday-Blitz-August-29-2023"]
[Site "Chess.com"]
[Date "2023.08.29"]
[Round "8"]
[White "XDPS"]
[Black "lefonghua"]
[Result "1-0"]
[WhiteElo "2855"]
[BlackElo "2681"]
[TimeControl "180+1"]
[EndTime "9:24:28 PDT"]
[Termination "XDPS won by resignation"]

1. e4 c5 2. Nf3 g6 3. d4 cxd4 4. Qxd4 Nf6 5. Nc3 Nc6 6. Qa4 d6 7. e5 dxe5 8. Nxe5 Bg7 9. Nxc6 bxc6 10. Qxc6+ Bd7 11. Qa6 O-O 12. Be2 Qc7 13. O-O Ng4 14. Bxg4 Bxg4 15. Re1 Bxc3 16. bxc3 Qxc3 17. Ba3 Qxc2 18.
Rxe7 Rfe8 19. h3 Rxe7 20. Bxe7 Qe2 21. Qb7 Re8 22. Bc5 Be6 23. Qxa7 Bd5 24. Be3 Ra8 25. Qd4 Rxa2 26. Bh6 Rxa1+ 27. Qxa1 f6 28. Qxf6 Qe1+ 29.
Kh2 1-0

[Event "Early-Titled-Tuesday-Blitz-August-29-2023"]
[Site "Chess.com"]
[Date "2023.08.29"]
[Round "8"]
[White "amanjazu"]
[Black "HajiyevKanan"]
[Result "1-0"]
[WhiteElo "2337"]
[BlackElo "2479"]
[TimeControl "180+1"]
[EndTime "9:24:34 PDT"]
[Termination "amanjazu won by resignation"]

1. f4 c6 2. Nf3 d6 3. g3 g6 4. Bg2 Bg7 5. O-O h5 6. d3 Bg4 7. h3 Bxf3 8. Bxf3 Nd7 9. e4 e5 10. Nc3 h4 11. g4 exf4 12. Kg2 g5 13. d4 Ne7 14. e5 dxe5 15. Ne4 exd4 16. Nxg5 Nd5 17.
Bxd5 Qxg5 18. Re1+ Be5 19. Be4 O-O-O 20. Bf5 Kb8 21. Qf3 Rhg8 22. Bxd7 Rxd7 23. Rxe5 Qxe5 24. Bxf4 Re8 25. Re1 f6 26. Bxe5+ fxe5 27. Qf5 Rd5 28. g5 Ka8 29. g6 e4 30. Rxe4 1-0

[Event "Early-Titled-Tuesday-Blitz-August-29-2023"]
[Site "Chess.com"]
[Date "2023.08.29"]
[Round "8"]
[White "regular_legs"]
[Black "AleksandraMilovic"]
[Result "1-0"]
[WhiteElo "2570"]
[BlackElo "2131"]
[TimeControl "180+1"]
[EndTime "9:24:36 PDT"]
[Termination "regular_legs won by resignation"]

1. e4 e5 2. Nf3 Nf6 3. Nxe5 d6 4.
Nd3 Nxe4 5. Qe2 Qe7 6. Nf4 Nf6 7.
d4 d5 8. Nc3 c6 9. f3 Qxe2+ 10.
Bxe2 Bf5 11. Bd3 Bxd3 12. Nxd3 Nbd7 13. g4 Bd6 14. Kf2 O-O-O 15. h4 h5 16. g5 Ne8 17.
Bf4 g6 18. Rae1 Bxf4 19. Nxf4 Nd6 20. Nce2 Nf5 21. c3 Rde8 22. Ng3 Nxg3 23. Kxg3 Kc7 24. Nd3 Kd6 25. f4 Re4 26. Ne5 Nxe5 27. fxe5+ Ke6 28. Rxe4 dxe4 29. Rf1 Rf8 30. Rf6+ Kd5 31. Kf4 b5 32. Rd6+ Kc4 33. Kxe4 Rc8 34. Rd7 a5 35. Rxf7 c5 36. e6 b4 37. e7 Re8 38. d5 Kb5 39.
c4+ Kb6 40. Ke5 Kc7 41. Ke6 a4 1-0

[Event "Early-Titled-Tuesday-Blitz-August-29-2023"]
[Site "Chess.com"]
[Date "2023.08.29"]
[Round "8"]
[White "Romkachess"]
[Black "NovikovaGalina"]
[Result "1-0"]
[WhiteElo "2550"]
[BlackElo "2409"]
[TimeControl "180+1"]
[EndTime "9:24:51 PDT"]
[Termination "Romkachess won by checkmate"]

1. e4 e5 2. d4 exd4 3. Qxd4 Nc6 4. Qe3 Bb4+ 5. Bd2 Qe7 6. Nc3 Nf6 7. O-O-O d6 8. a3 Ba5 9. f3 a6 10. g4 O-O 11. g5 Ne8 12. Nd5 Bxd2+ 13. Qxd2 Qd8 14. h4 Be6 15. Nh3 Bxd5 16. Qxd5 Qe7 17. Nf4 Qe5 18.
Qd2 Nd4 19. Bg2 Nb5 20. Kb1 c6 21. Nd3 Qd4 22. c3 Qb6 23. Ka1 Nec7 24. Nf4 Ne6 25.
Nxe6 fxe6 26. c4 Nc7 27. Qxd6 Rad8 28. Qxd8 Rxd8 29. Rxd8+ Kf7 30. Rd7+ Kg6 31. f4 Qf2 32. h5# 1-0

[Event "Early-Titled-Tuesday-Blitz-August-29-2023"]
[Site "Chess.com"]
[Date "2023.08.29"]
[Round "8"]
[White "Rosh1610"]
[Black "AlejandroArias"]
[Result "1-0"]
[WhiteElo "2446"]
[BlackElo "2319"]
[TimeControl "180+1"]
[EndTime "9:24:55 PDT"]
[Termination "Rosh1610 won on time"]

1. e4 c5 2. Nc3 Nc6 3. f4 g6 4. Nf3 Bg7 5. a4 e6 6. Bb5 Nge7 7. e5 d6 8. Ne4 dxe5 9. fxe5 O-O 10. Nf6+ Kh8 11.
d4 cxd4 12. Bg5 Qa5+ 13. Kf2 a6 14. h4 h5 15. g4 axb5 16. gxh5 Qc7 17. hxg6 fxg6 18.
h5 Bxf6 19. Bxf6+ Kg8 20. h6 Nxe5 21. h7+ Kf7 22. Bxe5 Ke8 23. Bxc7 1-0

[Event "Early-Titled-Tuesday-Blitz-August-29-2023"]
[Site "Chess.com"]
[Date "2023.08.29"]
[Round "8"]
[White "betta2004"]
[Black "jinbojinbo"]
[Result "0-1"]
[WhiteElo "2547"]
[BlackElo "2685"]
[TimeControl "180+1"]
[EndTime "9:24:56 PDT"]
[Termination "jinbojinbo won by resignation"]

1. e4 e5 2. Nf3 Nc6 3. c3 Nf6 4. d4 exd4 5. e5 Ne4 6. cxd4 d5 7. Bd3 Bb4+ 8. Nbd2 Bg4 9. h3 Bxf3 10. Qxf3 Nxd4 11. Qg4 O-O 12. f3 Nxd2 13. Bxd2 Bxd2+ 14. Kxd2 Ne6 15. Rhe1 Qg5+ 16. Qxg5 Nxg5 17. f4 Ne6 18. g3 Rfe8 19.
h4 c5 20. f5 Nd4 21. Kc3 Nf3 22. Re3 Nxe5 23. Kd2 d4 24. Re4 Nxd3 25. Kxd3 Rxe4 26. Kxe4 Rd8 27. Rd1 f6 28. g4 Kf7 29. g5 h6 30. g6+ Ke7 31. b3 b6 32. a4 Kd6 33.
b4 Re8+ 34. Kf4 Re2 35. bxc5+ bxc5 36. Rb1 d3 37. Kf3 c4 38. Rb8 Re7 39. Rc8 Rc7 40.
Re8 c3 41. Rd8+ Rd7 42. Rc8 d2 43. Ke2 Re7+ 44. Kf2 d1=Q 45. Rd8+ Rd7 0-1

[Event "Early-Titled-Tuesday-Blitz-August-29-2023"]
[Site "Chess.com"]
[Date "2023.08.29"]
[Round "8"]
[White "AnaKuchava"]
[Black "YellowJacek"]
[Result "1-0"]
[WhiteElo "2212"]
[BlackElo "2342"]
[TimeControl "180+1"]
[EndTime "9:24:59 PDT"]
[Termination "AnaKuchava won by resignation"]

1. d4 d5 2. Nf3 Nf6 3. c4 c6 4. Qb3 dxc4 5. Qxc4 Be6 6. Qc2 g6 7. g3 Bg7 8. Bg2 O-O 9. O-O Bf5 10. Qb3 Qb6 11.
Qxb6 axb6 12. Nc3 b5 13. b4 Nbd7 14. a4 Nb6 15. a5 Nbd5 16. Nxd5 Nxd5 17. Bd2 Be4 18.
e3 Rfd8 19. Rfc1 Ra6 20. Ne1 Bxg2 21. Kxg2 e6 22. Nd3 Bf8 23. Rd1 Rda8 24. Nc5 Bxc5 25.
dxc5 Rd8 26. e4 Nc7 27. Bf4 Rxd1 28. Rxd1 Na8 29. Bh6 f6 30. Rd7 Ra7 31. Rg7+ Kh8 32. Re7 1-0

[Event "Early-Titled-Tuesday-Blitz-August-29-2023"]
[Site "Chess.com"]
[Date "2023.08.29"]
[Round "8"]
[White "hurricane7791"]
[Black "Road2GM3000"]
[Result "1-0"]
[WhiteElo "2686"]
[BlackElo "2423"]
[TimeControl "180+1"]
[EndTime "9:25:02 PDT"]
[Termination "hurricane7791 won by resignation"]

1. d4 d5 2. c4 c6 3. Nf3 Nf6 4. Nc3 e6 5. cxd5 exd5 6. Bg5 Be7 7.
Qc2 O-O 8. e3 h6 9. Bh4 Nbd7 10. Bd3 Re8 11. O-O Ne4 12. Bxe4 Bxh4 13. Bh7+ Kf8 14. Bd3 Be7 15. Rae1 Nf6 16. Ne5 Bd6 17.
f4 Kg8 18. h3 c5 19. Qf2 c4 20. Bc2 b5 21. Nxb5 Bb7 22. Nc3 Ne4 23. Bxe4 dxe4 24.
Nxc4 Ba6 25. b3 Rc8 26. Qe2 Bb4 27. Rc1 Bxc4 28. bxc4 Qa5 29. Nd5 Re6 30. f5 Ra6 31.
Rc2 Bd6 32. c5 Bb8 33. Ne7+ Kf8 34. Nxc8 Qc7 35. Nd6 Rxd6 36. cxd6 Qxd6 37. Rc8+ Ke7 38. Rxb8 Qxb8 1-0

[Event "Early-Titled-Tuesday-Blitz-August-29-2023"]
[Site "Chess.com"]
[Date "2023.08.29"]
[Round "8"]
[White "pankajfm"]
[Black "juancruzarias"]
[Result "0-1"]
[WhiteElo "2088"]
[BlackElo "2691"]
[TimeControl "180+1"]
[EndTime "9:25:08 PDT"]
[Termination "juancruzarias won by resignation"]

1. d4 d5 2. Nc3 e6 3. Bf4 Nf6 4. e3 Bd6 5. Nf3 O-O 6. Ne5 c5 7. Bd3 a6 8. dxc5 Bxc5 9. Qe2 Nc6 10. O-O Bd6 11. Nxc6 bxc6 12. Bxd6 Qxd6 13. e4 e5 14. Rae1 Re8 15. h3 Bd7 16. Qf3 Rab8 17. g4 h6 18. b3 Rb4 19. Qg2 Bc8 20. f3 Qc5+ 21. Kh1 Qxc3 22. Rg1 Nh7 23. h4 f6 24. g5 fxg5 25.
exd5 cxd5 26. Bxh7+ Kxh7 27. hxg5 Rh4+ 0-1

[Event "Early-Titled-Tuesday-Blitz-August-29-2023"]
[Site "Chess.com"]
[Date "2023.08.29"]
[Round "8"]
[White "Zhani-Z"]
[Black "Blackwhite017"]
[Result "1-0"]
[WhiteElo "2330"]
[BlackElo "2003"]
[TimeControl "180+1"]
[EndTime "9:25:10 PDT"]
[Termination "Zhani-Z won by checkmate"]

1. e4 c5 2. Nf3 d6 3. Bb5+ Nd7 4. Ba4 g6 5. O-O Bg7 6. c3 Nf6 7. Re1 O-O 8. d4 Nb6 9. Bb3 Bg4 10. h3 Bxf3 11.
Qxf3 cxd4 12. cxd4 a5 13. Nc3 a4 14. Bc2 e5 15. dxe5 dxe5 16. Bg5 h6 17. Bh4 g5 18. Bg3 Qe7 19. Rad1 Nfd7 20. Nd5 Qc5 21. Rc1 Nxd5 22.
exd5 Qb4 23. Qf5 Nb6 24. Qh7# 1-0

[Event "Early-Titled-Tuesday-Blitz-August-29-2023"]
[Site "Chess.com"]
[Date "2023.08.29"]
[Round "8"]
[White "Goryachkina"]
[Black "NovozhilovSemen"]
[Result "1/2-1/2"]
[WhiteElo "2644"]
[BlackElo "2527"]
[TimeControl "180+1"]
[EndTime "9:25:11 PDT"]
[Termination "Game drawn by agreement"]

1. e4 c5 2. Nf3 Nc6 3. Bb5 g6 4. O-O Bg7 5. Re1 Nf6 6. c3 O-O 7. d4 d5 8. e5 Ne4 9. h3 h5 10. Nbd2 Nxd2 11. Bxd2 Qb6 12. Bxc6 bxc6 13. Qc1 c4 14.
Bg5 Re8 15. Re2 Bf5 16. Qd2 a5 17. Rae1 a4 18. a3 Bd3 19. Bh6 Bxe2 20. Rxe2 Qb3 21. Kh2 Rab8 22. Bxg7 Kxg7 23. Nh4 f6 24. Qe3 Qd1 25. Qg3 Qd3 26. Re3 Qc2 27. Re2 Qb1 28. Re1 Qc2 29. Re2 Qd3 30. Re3 1/2-1/2

[Event "Early-Titled-Tuesday-Blitz-August-29-2023"]
[Site "Chess.com"]
[Date "2023.08.29"]
[Round "8"]
[White "realburq"]
[Black "zurzan"]
[Result "1-0"]
[WhiteElo "2388"]
[BlackElo "2082"]
[TimeControl "180+1"]
[EndTime "9:25:18 PDT"]
[Termination "realburq won by checkmate"]

1. e4 g6 2. d4 Bg7 3. h4 h5 4. Nc3 c6 5. Bc4 b5 6. Bb3 b4 7. Nce2 Nf6 8. Ng3 d5 9. e5 Ng4 10. Nf3 O-O 11. Ng5 f6 12. exf6 exf6 13. Nf3 Re8+ 14.
Kf1 a5 15. a4 Ba6+ 16. Kg1 Nd7 17. Bf4 Rc8 18. Qd2 Qb6 19. Nh2 f5 20. Nxg4 fxg4 21.
Rd1 Nf6 22. Bh6 Bh8 23. Qg5 Kh7 24. Kh2 Qc7 25. Rhe1 Ne4 26. Rxe4 dxe4 27. Kh1 e3 28. Nxh5 gxh5 29. Qxh5 Qd7 30. Bf8# 1-0